 Dungeon Crawl Stone Soup version 0.15.2 (console) character file.

6629 orost the Thaumaturge (level 10, -3/50 HPs)
             Began as a Deep Elf Air Elementalist on Nov 14, 2014.
             Was a Priest of Vehumet.
             Slain by a two-headed ogre
             ... wielding a +0 dire flail
              (14 damage)
             ... on Level 10 of the Dungeon.
             The game lasted 00:43:49 (10771 turns).

orost the Thaumaturge (Deep Elf Air Elementalist)  Turns: 10771, Time: 00:43:50

HP  -3/50        AC  8     Str  5      XL: 10   Next: 72%
MP  13/31        EV 10     Int 26      God: Vehumet [***...]
Gold 595         SH  5     Dex 15 (16) Spells:  7 memorised, 14 levels left

rFire  x . .     SeeInvis .     V - +4 war axe of Dissent {drain, Dex+1 Int+2}
rCold  + + .     Clarity  .     p - +2 leather armour {rC+}
rNeg   . . .     rCorr    .     A - +0 buckler
rPois  .         rRot     .     (no helmet)
rElec  .         Spirit   .     (no cloak)
SustAb .         Warding  .     E - +2 pair of gloves
rMut   .         Stasis   .     (no boots)
Gourm  .                        (no amulet)
MR     +....                    i - ring of wizardry
                                q - ring of ice

@: swift, repel missiles, quick, somewhat resistant to hostile enchantments,
unstealthy
A: no striking features
a: Renounce Religion


You were on level 10 of the Dungeon.
You worshipped Vehumet.
Vehumet was most pleased with you.
You were near starving.

You visited 2 branches of the dungeon, and saw 11 of its levels.

You collected 595 gold pieces.

Inventory:

Hand weapons
 V - the +4 war axe of Dissent (weapon) {drain, Dex+1 Int+2}
   (You found it on level 8 of the Dungeon)

   A truly terrible weapon, it drains the life of those it strikes.
   It affects your intelligence (+2).
   It affects your dexterity (+1).
Armour
 p - a +2 leather armour of cold resistance (worn)
 A - a +0 buckler (worn)
 E - a +2 pair of gloves (worn)
Magical devices
 j - a wand of flame (23)
 v - a wand of lightning (6)
 L - a wand of fire (0)
 R - a wand of flame (13)
 T - a wand of draining (6)
 Y - a wand of slowing (12)
Comestibles
 c - 14 bread rations
 d - a beef jerky
 h - 3 meat rations
 m - a rotting chunk of hound flesh
 z - 2 slices of pizza
 Q - 2 royal jellies
Scrolls
 g - a scroll of magic mapping
 l - 5 scrolls of identify
 o - a scroll of noise {unknown}
 r - a scroll of amnesia
 u - a scroll of brand weapon {unknown}
 w - a scroll of acquirement {unknown}
 B - 2 scrolls of fog
 I - a scroll of vulnerability {unknown}
 K - a scroll of silence {unknown}
 P - 3 scrolls of remove curse
 S - a scroll of torment {unknown}
 W - a scroll of enchant weapon
 Z - a scroll of enchant armour
Jewellery
 i - a ring of wizardry (right hand)
 k - an uncursed ring of positive energy
 q - a ring of ice (left hand)
 N - an uncursed ring of protection from cold
Potions
 a - a potion of resistance {unknown}
 e - 3 potions of curing
 f - a potion of restore abilities {unknown}
 n - a potion of confusion {unknown}
 t - 2 potions of brilliance
 F - a potion of invisibility {unknown}
 M - a potion of agility
 O - a potion of haste {unknown}
 X - a potion of poison {unknown}
Books
 b - a book of Air

   Spells                             Type                      Level
   *Shock                             Conjuration/Air              1
   *Swiftness                         Charms/Air                   2
   *Repel Missiles                    Charms/Air                   2
   Flight                             Charms/Air                   3
   *Static Discharge                  Conjuration/Air              3
   *Lightning Bolt                    Conjuration/Air              5
 J - a book of Annihilations {highlevel}

   This book is beyond your current level of understanding.

   Spells                             Type                      Level
   Poison Arrow                       Conjuration/Poison           6
   Chain Lightning                    Conjuration/Air              8
   Lehudib's Crystal Spear            Conjuration/Earth            8
   Glaciate                           Conjuration/Ice              9
   Fire Storm                         Conjuration/Fire             9


   Skills:
 - Level 2.4 Dodging
 - Level 2.4 Stealth
 + Level 5.5 Shields
 + Level 10.6 Spellcasting
 + Level 8.8 Conjurations
 - Level 5.5 Charms
 + Level 4.1 Ice Magic
 + Level 8.8 Air Magic


You had 14 spell levels left.
You knew the following spells:

 Your Spells              Type           Power        Failure   Level  Hunger
a - Shock                 Conj/Air       ####         1%          1    None
b - Repel Missiles        Chrm/Air       ######       1%          2    None
c - Swiftness             Chrm/Air       ######..     1%          2    None
d - Static Discharge      Conj/Air       ######..     1%          3    None
e - Freeze                Ice            ####         1%          1    None
f - Lightning Bolt        Conj/Air       ######....   1%          5    ###....
g - Throw Frost           Conj/Ice       ######       1%          2    None


Dungeon Overview and Level Annotations

Branches:
Dungeon (10/15)            Temple (1/1) D:7
    Orc: D:9-12        Lair: D:8-11

Altars:
Ashenzari
Cheibriados
Dithmenos
Elyvilon
Fedhas
Okawaru
Qazlal
Sif Muna
Trog
Vehumet
Yredelemnul
The Shining One

Annotations:
D:7 stasis/appro, 1 exclusion
D:10 Erica; Johnny's ghost, experienced DgIE


Message History

You block the quasit's attack.
The quasit claws you but does no damage.
You block the quasit's attack.
An orc comes into view. It is wielding a dagger.
The hound barely misses you. You block the quasit's attack.
The quasit claws you.
The quasit claws you but does no damage.
The hound bites you but does no damage.
The quasit bites you but does no damage.
The quasit claws you.
You feel clumsy.
The quasit claws you but does no damage.
Johnny's ghost hits you.
* * * LOW HITPOINT WARNING * * *
You blink.
Your leather armour prevents you from hitting the two-headed ogre.
You closely miss the orc. You slash the hungry ghost!
The hungry ghost is lightly damaged.
The orc hits you but does no damage. The hungry ghost misses you.
The two-headed ogre closely misses you.
The two-headed ogre hits you with a giant club!
You die...

##...... #.......
##..>... ##......#
#.......# #.......##
#.....§W5## ..
#......#...## ..?# #
#.....###...###...# ##
#.o..# #oWhW#...# .##
#....# ##o@.....#
..####....# #.O.....##
...##§§.o.# ##.......#
...§§.O§o.# #....?...#
...§§§§O§## ##........#
...§§§§.o#####.........#
≈≈≈;..§§....#O..........
≈≈≈≈...................
##≈≈...................
#≈≈..........=.......
#≈≈..........#......


You could see 2 hungry ghosts, a two-headed ogre, a hound, a quasit, Johnny's
ghost and 2 orcs.

Vanquished Creatures
  Psyche (D:8)
  A komodo dragon (D:9)
  A troll (D:9)
  The ghost of Zrachosh the Summoner, an average TeSu of Sif Muna (D:4)
  Eustachio (D:9)
  A spriggan (D:7)
  A hippogriff (D:9)
  A steam dragon (D:9)
  Edmund (D:4)
  Menkaure (D:5)
  3 sky beasts
  5 orc warriors
  3 ice beasts
  A black bear (D:6)
  2 phantoms
  5 centaurs
  Duvessa (D:4)
  9 giant frogs
  A big kobold (D:8)
  6 ogres
  Blork the orc (D:7)
  2 gnoll sergeants
  4 scorpions
  3 killer bees (D:7)
  3 goliath beetles
  8 wights (D:9)
  Dowan (D:4)
  2 crimson imps
  4 hounds
  A jelly (D:9)
  2 orc priests (D:10)
  An elf skeleton (D:8)
  5 orc wizards
  Natasha (twice) (D:5)
  2 iguanas
  4 worker ants
  A quasit (D:8)
  A killer bee zombie (D:6)
  Ijyb (D:2)
  Jessica (D:2)
  Terence (D:2)
  2 hound skeletons (D:4)
  An orc zombie (D:7)
  A worker ant zombie (D:8)
  13 gnolls
  9 adders
  A shadow imp (D:4)
  2 giant mites
  3 worms
  An iguana zombie (D:8)
  An adder skeleton (D:4)
  7 giant geckos
  An ooze (D:4)
  40 orcs
  12 bats
  A bat skeleton (D:7)
  7 giant cockroaches
  19 hobgoblins
  11 jackals
  3 quokkas
  6 giant newts
  A giant spore (D:8)
  16 goblins
  A hobgoblin skeleton (D:5)
  16 kobolds
  A kobold skeleton (D:6)
  15 rats
  A rat skeleton (D:5)
  A rat zombie (D:5)
  6 ballistomycetes (D:8)
295 creatures vanquished.

Vanquished Creatures (collateral kills)
  A worker ant zombie (D:8)
  A hobgoblin skeleton (D:8)
2 creatures vanquished.

Vanquished Creatures (others)
  An octopode (D:1)
  2 elves (D:1)
  A troll (D:1)
  2 formicids (D:1)
  2 nagas (D:1)
  A dwarf (D:1)
  A centaur (D:1)
  A mummy (D:1)
  A kobold (D:1)
  A quokka (D:6)
  4 tentacles (D:1)
  2 tentacle segments (D:1)
19 creatures vanquished.

Grand Total: 316 creatures vanquished

Notes
Turn   | Place    | Note
--------------------------------------------------------------
     0 | D:1      | orost, the Deep Elf Air Elementalist, began the quest for the Orb.
     0 | D:1      | Reached XP level 1. HP: 10/10 MP: 5/5
     0 | D:1      | Noticed a naga
     0 | D:1      | Noticed a centaur
     0 | D:1      | Noticed an elf
     0 | D:1      | Noticed a formicid
     0 | D:1      | Noticed an elf
     0 | D:1      | Noticed a dwarf
     0 | D:1      | Noticed a kraken
     0 | D:1      | Noticed a naga
     0 | D:1      | Noticed a formicid
     0 | D:1      | Noticed an octopode
     0 | D:1      | Noticed a troll
     4 | D:1      | Killed a centaur
     5 | D:1      | Killed an elf
     5 | D:1      | Killed a naga
     7 | D:1      | Killed an octopode
     7 | D:1      | Killed a dwarf
     9 | D:1      | Killed a formicid
     9 | D:1      | Killed a formicid
    11 | D:1      | Killed an elf
    11 | D:1      | Killed a naga
    12 | D:1      | Killed a troll
   440 | D:1      | Reached XP level 2. HP: 15/15 MP: 1/8
   605 | D:1      | Learned a level 2 spell: Repel Missiles
   608 | D:1      | Learned a level 2 spell: Swiftness
  1024 | D:2      | Noticed Jessica
  1035 | D:2      | Killed Jessica
  1035 | D:2      | Reached skill level 1 in Charms
  1035 | D:2      | Reached XP level 3. HP: 13/19 MP: 4/11
  1043 | D:2      | Learned a level 3 spell: Static Discharge
  1147 | D:2      | Noticed Terence
  1164 | D:2      | Killed Terence
  1266 | D:2      | Reached skill level 4 in Spellcasting
  1450 | D:2      | Reached XP level 4. HP: 22/24 MP: 1/15
  1686 | D:2      | Noticed Ijyb
  1718 | D:2      | Killed Ijyb
  2177 | D:2      | Found a bloodstained altar of Trog.
  2333 | D:3      | Reached XP level 5. HP: 28/28 MP: 12/18
  2906 | D:4      | Noticed Duvessa
  2906 | D:4      | Noticed Dowan
  2972 | D:4      | Noticed Edmund
  2997 | D:4      | Killed Edmund
  2997 | D:4      | Reached skill level 5 in Spellcasting
  2997 | D:4      | Reached XP level 6. HP: 11/32 MP: 0/21
  3433 | D:4      | Found a shadowy altar of Dithmenos.
  3504 | D:4      | Killed Duvessa
  3706 | D:4      | Killed Dowan
  3978 | D:4      | Noticed Zrachosh's ghost (average TeSu)
  3994 | D:4      | Killed Zrachosh's ghost
  3994 | D:4      | Reached skill level 6 in Spellcasting
  3994 | D:4      | Reached XP level 7. HP: 36/36 MP: 14/24
  4043 | D:4      | Reached skill level 5 in Charms
  4043 | D:4      | Reached skill level 5 in Air Magic
  4280 | D:5      | Entered Level 5 of the Dungeon
  4416 | D:5      | Reached skill level 5 in Conjurations
  4508 | D:5      | Noticed Natasha
  4512 | D:5      | Killed Natasha
  4529 | D:5      | Noticed Menkaure
  4535 | D:5      | Killed Menkaure
  4535 | D:5      | Reached skill level 1 in Shields
  4550 | D:5      | Reached XP level 8. HP: 38/41 MP: 13/25
  4561 | D:5      | Noticed Natasha
  4565 | D:5      | Killed Natasha
  4828 | D:5      | Found an iron altar of Okawaru.
  5026 | D:6      | Found a white marble altar of Elyvilon.
  5041 | D:6      | Reached skill level 7 in Spellcasting
  5373 | D:6      | Found an iron altar of Okawaru.
  5842 | D:7      | Noticed Blork the orc
  5857 | D:7      | Killed Blork the orc
  6093 | D:7      | Reached skill level 8 in Spellcasting
  6532 | D:7      | Found a staircase to the Ecumenical Temple.
  6557 | D:7      | Reached XP level 9. HP: 45/45 MP: 17/28
  6577 | Temple   | Entered the Ecumenical Temple
  6643 | Temple   | Became a worshipper of Vehumet
  7560 | D:7      | Reached skill level 9 in Spellcasting
  7810 | D:8      | Acquired Vehumet's first power
  7810 | D:8      | Offered knowledge of Freeze by Vehumet.
  7813 | D:8      | Learned a level 1 spell: Freeze
  7932 | D:8      | Found a basalt altar of Yredelemnul.
  7955 | D:8      | Reached skill level 1 in Ice Magic
  7985 | D:8      | Got a steaming war axe
  7986 | D:8      | Identified the +4 war axe of Dissent {drain, Dex+1 Int+2} (You found it on level 8 of the Dungeon)
  8088 | D:8      | Noticed Psyche
  8216 | D:8      | Killed Psyche
  8627 | D:8      | Reached XP level 10. HP: 43/50 MP: 23/31
  8635 | D:8      | Learned a level 5 spell: Lightning Bolt
  9151 | D:8      | Found a stormy altar of Qazlal.
  9358 | D:9      | Offered knowledge of Sandblast by Vehumet.
  9359 | D:9      | Reached skill level 5 in Shields
  9498 | D:8      | Reached skill level 10 in Spellcasting
  9819 | D:9      | Noticed a skeletal warrior
 10424 | D:9      | Noticed Eustachio
 10455 | D:9      | Killed Eustachio
 10455 | D:9      | Offered knowledge of Throw Frost by Vehumet.
 10464 | D:10     | Entered Level 10 of the Dungeon
 10464 | D:10     | Noticed Erica
 10586 | D:10     | Learned a level 2 spell: Throw Frost
 10699 | D:10     | Acquired Vehumet's second power
 10766 | D:10     | Noticed Johnny's ghost (experienced DgIE)
 10771 | D:10     | Slain by a two-headed ogre

Action                   |  1- 3 |  4- 6 |  7- 9 | 10-12 || total
-------------------------+-------+-------+-------+-------++-------
Melee: Dagger            |    10 |     2 |    35 |       ||    47
       Short sword       |       |     4 |     2 |       ||     6
       War axe           |       |       |     5 |    28 ||    33
       Unarmed           |       |       |       |     1 ||     1
 Cast: Shock             |    71 |   170 |   339 |   106 ||   686
       Repel Missiles    |     1 |       |       |       ||     1
       Static Discharge  |     2 |    18 |    37 |    20 ||    77
       Swiftness         |       |     1 |     9 |     5 ||    15
       Freeze            |       |       |       |    47 ||    47
       Lightning Bolt    |       |       |       |    23 ||    23
       Throw Frost       |       |       |       |     5 ||     5
Evoke: Wand              |       |       |    10 |     2 ||    12
  Use: Potion            |       |     1 |     2 |     1 ||     4
       Scroll            |       |     4 |    10 |     5 ||    19
 Stab: Sleeping          |       |     1 |     1 |       ||     2
  Eat: Chunk             |     2 |     7 |    12 |     6 ||    27
       Pizza             |       |     1 |       |       ||     1
       Fruit             |       |       |     2 |     2 ||     4
